 Dungeon Crawl Stone Soup version 0.27.1-35-g4d5d836560 (webtiles) character file.

Game seed: 13837537064207852488

1265 Delamore the Chopper (level 8, -3/50 HPs)
             Began as an Octopode Brigand on May 16, 2022.
             Slain by an acid dragon (14 damage)
             ... on level 6 of the Dungeon.
             The game lasted 00:06:16 (5870 turns).

Delamore the Chopper (Octopode Brigand)             Turns: 5870, Time: 00:06:16

Health: -3/50      AC:  1    Str: 10    XL:     8   Next: 52%
Magic:  8/8        EV: 17    Int: 13    God:
Gold:   277        SH:  0    Dex: 16    Spells: 7/7 levels left

rFire    . . .     SeeInvis .   k - +4 hand axe (elec)
rCold    . . .     Faith    .   (no shield)
rNeg     . . .     Spirit   .   (helmet restricted)
rPois    +         Reflect  .   (no amulet)
rElec    .         Harm     .   h - +4 ring of evasion
rCorr    .         Rampage  .   f - ring of poison resistance
Will     .....                  (no ring)
Stlth    ++++......             (no ring)
HPRegen  0.16/turn              (no ring)
MPRegen  0.11/turn              (no ring)
                                (no ring)
                                (no ring)

@: no status effects
A: almost no armour, amphibious, 8 rings, camouflage 1, gelatinous body 1,
(nimble swimmer 1), tentacles
a: no special abilities


You were on level 6 of the Dungeon.
You visited 1 branch of the dungeon, and saw 6 of its levels.

You collected 277 gold pieces.

Inventory:

Hand Weapons
 a - a +2 dagger
 k - a +4 hand axe of electrocution (weapon)
 y - a +0 broad axe
Missiles
 b - 14 poisoned darts
 p - 2 throwing nets (quivered)
 q - 93 stones
 v - 2 curare-tipped darts
Jewellery
 f - a ring of poison resistance (right tentacle)
 h - a +4 ring of evasion (left tentacle)
Wands
 c - a wand of paralysis (9)
 j - a wand of flame (35)
 r - a wand of iceblast (8)
Scrolls
 e - 2 scrolls of blinking {unknown}
 i - a scroll of teleportation
 n - a scroll of magic mapping {unknown}
 o - 2 scrolls of fear {unknown}
 w - a scroll of immolation {unknown}
 z - a scroll of enchant weapon
 A - a scroll of brand weapon {unknown}
Potions
 d - a potion of lignification {unknown}
 g - a potion of might {unknown}
 l - a potion of curing {unknown}
 m - a potion of haste {unknown}
 s - a potion of brilliance {unknown}
 t - 2 potions of flight {unknown}
 u - a potion of ambrosia {unknown}
 x - a potion of magic {unknown}


   Skills:
 - Level 2.0 Fighting
 - Level 3.7 Short Blades
 * Level 7.5 Axes
 + Level 5.9 Throwing
 - Level 1.0 Dodging
 - Level 5.3 Stealth


You had 7 spell levels left.
You didn't know any spells.
Your spell library contained the following spells:

 Spells                   Type           Power      Damage    Failure   Level
 Gell's Gravitas          Tloc           0%         N/A       67%         3
 Lesser Beckoning         Tloc           0%         N/A       67%         3
 Teleport Other           Tloc           0%         N/A       67%         3


Dungeon Overview and Level Annotations

Branches:
Dungeon (6/15)
 Temple: D:4-7

Altars:
Fedhas
Zin

Shops:
D:2 (([(   D:3 *   D:5 =

Annotations:
D:3 2 transporters, Liam3024's ghost, amateur DsFi


Innate Abilities, Weirdness & Mutations

You cannot wear most types of armour.
You are amphibious.
You can wear up to eight rings at the same time.
Your skin changes colour to match your surroundings (Stealth+).
Your rubbery body absorbs attacks. (AC +1, EV +1)
((You are camouflaged near water. (Stealth+)))
You have tentacles for arms and can constrict up to eight enemies at once.


Message History

You now have 277 gold pieces (gained 8).
As you open the door, it creaks loudly!
Found a leather armour.
There is an open door here.
You open the door. You open the door.
There is an open door here.
Found a scroll labelled LUAVYN FETUSEI.
A - a scroll labelled LUAVYN FETUSEI An acid dragon comes into view.
A shadow comes into view.
A shadow imp comes into view.
The helpless acid dragon fails to defend itself.
You hit the acid dragon.
The acid dragon is lightly wounded.
The shadow imp shouts, "Scamper home, thou defiled nose-picking baggage!"
The acid dragon bites you! The acid dragon closely misses you.
You barely miss the acid dragon. Your squeeze misses the acid dragon.
The acid dragon is lightly wounded.
The acid dragon spits acid at you. The splash of acid hits you!
You are splashed with acid!
The shadow slips into darkness.
The shadow flickers and vanishes!
Deactivating autopickup; reactivate with Ctrl-A.
You hear a howl!
You hear an angry hiss.
You are too injured to fight recklessly!
Aiming: Paralyse
Press: ? - help, Shift-Dir - straight line, f - acid dragon
Aim: an acid dragon (lightly wounded, catching its breath, chance to affect: 46%)
The acid dragon resists with some effort.
The acid dragon bites you!
* * * LOW HITPOINT WARNING * * *
The acid dragon claws you.
* * * LOW HITPOINT WARNING * * *
Aiming: Paralyse
Press: ? - help, Shift-Dir - straight line, f/p - acid dragon
Aim: an acid dragon (lightly wounded, catching its breath, chance to affect: 46%)
The acid dragon resists with some effort.
The acid dragon bites you!
You die...

## ##.# .# #..##
.#. .# #...## ##
... .# #....## .#
#.. .# ##.#..##
..#.# .####'##..##
.#.# #.......#..##
5{# '...........##
#D#
#...[...###..###@#
#.............##.#
+.......###....#.#
#.......# ####...#
#.......# #####
##+######


You could see an acid dragon (catching breath) and a shadow imp.

Vanquished Creatures
  Prince Ribbit (D:5)
  A sky beast (D:5)
  A black bear (D:5)
  A necrophage (D:5)
  An ice beast (D:5)
  An ogre (D:5)
  A centaur (D:6)
  A scorpion (D:5)
  A bullfrog skeleton (D:5)
  3 hounds
  2 jellies (D:5)
  A gnoll shaman (D:4)
  3 iguanas
  A hound zombie (D:5)
  7 adders
  7 gnolls (D:4)
  3 worms (D:3)
  3 orcs (D:5)
  2 ball pythons
  5 bats
  10 endoplasms
  2 giant cockroaches
  5 goblins
  8 hobgoblins
  2 quokkas
  4 frilled lizards
  6 kobolds
  3 rats
86 creatures vanquished.

Notes
Turn   | Place    | Note
-------+----------+-------------------------------------------
     0 | D:1      | Delamore the Octopode Brigand began the quest for the Orb.
     0 | D:1      | Reached XP level 1. HP: 14/14 MP: 1/1
    92 | D:1      | Reached XP level 2. HP: 17/19 MP: 2/2
   135 | D:1      | Found a faded altar of an unknown god.
   395 | D:1      | Reached XP level 3. HP: 24/24 MP: 3/3
   785 | D:2      | Found Atruts's Armour Shoppe.
   852 | D:2      | Found Bibywn's Weapon Shoppe.
   921 | D:2      | Found a blossoming altar of Fedhas.
  1042 | D:2      | Found Qiapsoe's Weapon Boutique.
  1199 | D:2      | Found Qeiczuts's Weapon Boutique.
  1285 | D:2      | Reached XP level 4. HP: 28/29 MP: 4/4
  1526 | D:3      | Reached skill level 1 in Axes
  1580 | D:3      | Noticed Liam3024's ghost (amateur DsFi)
  1581 | D:3      | Found a transporter.
  1737 | D:3      | Found a transporter.
  1745 | D:3      | Found Peweacopt's Assorted Antiques.
  2064 | D:3      | Found a glowing silver altar of Zin.
  2198 | D:3      | Reached skill level 2 in Axes
  2198 | D:3      | Reached XP level 5. HP: 29/34 MP: 5/5
  3162 | D:4      | Reached skill level 3 in Axes
  3354 | D:4      | Reached XP level 6. HP: 13/39 MP: 6/6
  3994 | D:5      | Entered Level 5 of the Dungeon
  3994 | D:5      | Found Quveusch's Jewellery Shoppe.
  4002 | D:5      | Reached skill level 4 in Axes
  4014 | D:5      | Noticed a necrophage
  4068 | D:5      | Killed a necrophage
  4069 | D:5      | Reached XP level 7. HP: 35/45 MP: 7/7
  4158 | D:5      | Reached skill level 5 in Axes
  4425 | D:5      | Reached skill level 5 in Throwing
  4705 | D:5      | Reached skill level 6 in Axes
  4705 | D:5      | Reached XP level 8. HP: 42/50 MP: 8/8
  5439 | D:5      | Noticed Prince Ribbit
  5449 | D:5      | Killed Prince Ribbit
  5450 | D:5      | Reached skill level 7 in Axes
  5864 | D:6      | Noticed a shadow
  5870 | D:6      | Slain by an acid dragon

Illustrated notes

Levels and vault maps discovered:
D:1:      lemuel_arrival_broad_hall, layout_basic,
          hellmonk_ecumenical_altar_run_dry, minivault_23, st_stairs_13,
          solitary_fountain
D:2:      layout_basic, serial_shops, shop, nicolae_shop_stone, shop,
          nicolae_square_shop, basic_altar, hangedman_feature_mirror,
          serial_bayou_lake_a
D:3:      layout_basic, lemuel_round_altar, gammafunk_ghost_arena, serial_shops,
          shop_statue, kennysheep_flooded_box
D:4:      layout_gridville
D:5:      minmay_spotlight, layout_rooms, nicolae_stop_n_shop_2,
          amethyst_killhole, uniq_prince_ribbit1
D:6:      layout_basic, minmay_temple_entry_statues_fountains,
          minmay_manual_mandibuliform

Skill      XL: |  1  2  3  4  5  6  7  8 |
---------------+-------------------------+-----
Short Blades   | 3 |  3.7
Axes           | 2 3 4 6 7 |  7.5
Throwing       | 3 4 5 |  5.9
Fighting       | |  2.0
Dodging        | |  1.0
Stealth        | |  5.3

Action                   |  1- 3 |  4- 6 |  7- 9 || total
-------------------------+-------+-------+-------++-------
Melee: Dagger            |    38 |       |       ||    38
       Tentacles         |    10 |    12 |    10 ||    32
       Constrict         |     7 |    13 |     6 ||    26
       Hand axe          |     4 |    69 |    54 ||   127
Throw: Dart              |       |    23 |     2 ||    25
       Stone             |       |     1 |       ||     1
       Throwing net      |       |       |     1 ||     1
Evoke: Wand              |       |     4 |     6 ||    10
  Use: Scroll            |       |     4 |     1 ||     5
 Stab: Sleeping          |    13 |    12 |     8 ||    33
       Distracted        |       |     1 |       ||     1
       Paralysed         |       |       |     7 ||     7
Armor: Skin              |     3 |       |       ||     3
Dodge: Dodged            |    19 |    36 |    40 ||    95
